 Dungeon Crawl Stone Soup version 0.30-a0-304-gdc4b735fe1 (webtiles) character file.

Game seed: 10415503868524556041

56 Darkkill the Conjurer (level 3, -7/16 HPs)
             Began as a Vine Stalker Conjurer on Oct 20, 2022.
             Mangled by an orc
             ... wielding a +1 flail of protection
              (8 damage)
             ... on level 3 of the Dungeon.
             The game lasted 00:02:23 (1905 turns).

Darkkill the Conjurer (Vine Stalker Conjurer)       Turns: 1905, Time: 00:02:24

Health: -7/16      AC:  3    Str:  9    XL:     3   Next: 97%
Magic:  0/8        EV: 12    Int: 20    God:
Gold:   51         SH:  0    Dex: 12    Spells: 6/7 levels left

rFire   . . .      SeeInvis .    (no weapon)
rCold   . . .      Faith    .    (no shield)
rNeg    . . .      Spirit   +    a - +0 robe
rPois   +          Reflect  .    (no helmet)
rElec   .          Harm     .    (no cloak)
rCorr   .          Rampage  .    (no gloves)
Will    .....                    j - +0 pair of boots
Stlth   ++........               (no amulet)
HPRegen 0.22/turn                d - ring of poison resistance
MPRegen 0.11/turn                (no ring)

@: brilliant
A: fangs 2, magic shield, antimagic bite, no potion heal 2
a: no special abilities


You were on level 3 of the Dungeon.
You visited 1 branch of the dungeon, and saw 3 of its levels.

You collected 51 gold pieces.

Inventory:

Missiles
 b - 5 javelins
 f - 33 stones
 g - 6 boomerangs
Armour
 a - a +0 robe (worn)
 j - a +0 pair of boots (worn)
Jewellery
 d - a ring of poison resistance (left hand)
Scrolls
 c - 2 scrolls of identify {@r1}
Potions
 h - a potion of haste


   Skills:
 + Level 2.1 Dodging
 + Level 3.4 Stealth
 + Level 2.8 Spellcasting
 + Level 4.3 Conjurations


You had 6 spell levels left.
You knew the following spells:

 Your Spells              Type           Power      Damage    Failure   Level
a - Magic Dart            Conj           100%       1d8       2%          1

Your spell library contained the following spells:

 Spells                   Type           Power      Damage    Failure   Level
 Searing Ray              Conj           60%        2d6       3%          2
 Slow                     Hex            16%        N/A       14%         1
 Dazzling Flash           Conj/Hex       34%        N/A       19%         3
 Ensorcelled Hibernation  Hex/Ice        8%         N/A       22%         2
 Call Canine Familiar     Summ           4%         N/A       41%         3
 Confusing Touch          Hex            4%         N/A       41%         3
 Portal Projectile        Hex/Tloc       8%         N/A       41%         3
 Spider Form              Tmut/Pois      4%         N/A       41%         3
 Vampiric Draining        Necr           4%         2d6       41%         3
 Fulminant Prism          Conj/Hex       8%         3d7       52%         4
 Iskenderun's Mystic Bla  Conj/Tloc      17%        2d5       52%         4
 Anguish                  Hex/Necr       2%         N/A       82%         4
 Leda's Liquefaction      Hex/Erth       2%         N/A       82%         4


Dungeon Overview and Level Annotations

Branches:
Dungeon (3/15)

Altars:


Innate Abilities, Weirdness & Mutations

You have extremely sharp teeth.
When hurt, damage is shared between your health and your magic reserves.
Your bite disrupts and absorbs the magic of your enemies.
Potions cannot restore your health.


Message History

There is a stone staircase leading down here.
There is a stone staircase leading down here.
HP restored.
Magic restored.
Done exploring.
There is a stone staircase leading down here.
You climb downwards.
Found 5 javelins.
There is a stone staircase leading up here.
You can't go down here!
The magic dart hits the frilled lizard!
You kill the frilled lizard!
The magic dart hits the orc wizard.
The orc wizard is lightly wounded.
The magic dart hits the orc wizard.
The orc wizard is lightly wounded.
The orc wizard mumbles some strange words.
The orc wizard flickers and vanishes!
Deactivating autopickup; reactivate with Ctrl-A.
The magic dart hits something but does no damage.
Something hits you but does no damage.
The magic dart hits something.
Something barely misses you.
The magic dart hits something.
Something hits you.
The magic dart hits the giant cockroach but does no damage.
Something hits you. The giant cockroach closely misses you.
You are out of magic!
You are out of magic!
You are out of magic!
You are out of magic!
You are out of magic!
You are out of magic!
You are out of magic!
You are out of magic!
You are out of magic!
You are out of magic!
You are out of magic!
You are out of magic!
You are out of magic!
You are out of magic!
Blink to where?
Press: ? - help, Q - select action, (/) - cycle Dir - move target, p - giant cockroach
As you read the scroll of blinking, it crumbles to dust.
b - 5 javelins The magic dart hits the giant cockroach.
The giant cockroach is severely wounded.
The giant cockroach attacks as you move away!
The giant cockroach bites you.
The giant cockroach attacks as you move away!
The giant cockroach barely misses you.
Found a club.
The giant cockroach attacks as you move away!
The giant cockroach barely misses you. The giant cockroach bites you.
The giant cockroach attacks as you move away!
The giant cockroach misses you.
You feel clever all of a sudden.
The giant cockroach bites you but does no damage.
You hit the giant cockroach but do no damage.
You bite the giant cockroach, but do no damage.
The giant cockroach is severely wounded.
The giant cockroach barely misses you.
You closely miss the giant cockroach.
You bite the giant cockroach, but do no damage.
The giant cockroach is severely wounded.
The giant cockroach bites you but does no damage.
You hit the giant cockroach but do no damage.
The giant cockroach is severely wounded.
The giant cockroach misses you. The orc hits you but does no damage.
Something hits you.
The giant cockroach bites you but does no damage.
You hit the giant cockroach but do no damage.
The giant cockroach is severely wounded.
The orc barely misses you.
You hear some strange, mumbled words.
Something tries to affect you, but you resist.
The giant cockroach bites you but does no damage.
You hit the giant cockroach but do no damage.
The giant cockroach is severely wounded.
The orc misses you. The orc closely misses you. Something hits you.
The giant cockroach closely misses you.
You hit the giant cockroach.
You kill the giant cockroach!
Something hits you. The orc misses you. x2
You hit the ball python. You bite the ball python. You drain its power.
You feel invigorated.
The ball python is heavily wounded.
Something hits you. The orc hits you but does no damage.
The orc hits you with a +1 flail of protection.
* * * LOW HITPOINT WARNING * * *
The ball python barely misses you. The ball python grabs you.
The ball python constricts you.
* * * LOW HITPOINT WARNING * * *
You hit the ball python but do no damage.
You bite the ball python.
You kill the ball python!
The orc closely misses you. Something hits you.
* * * LOW HITPOINT WARNING * * *
The orc hits you but does no damage. Something hits you but does no damage.
The orc hits you with a +1 flail of protection!
Ouch! That really hurt!
You die...

#...o..## #.#.#
#....oS# #.#.#
#.#..#o# #.#.#
#.#/.#o# #.#.#
#.##.#.# #...#
.##.#<#
#..#####.#.........
###.o.........#.##...
#...@......##.#.# #.
#.#o.......## #.# #
#..#####.# ... #..#
.# #.# ....# .. ..#
####.# ### #.# #)#


You could see 2 orcs.

Vanquished Creatures
  3 ball pythons
  2 bats (D:1)
  6 endoplasms
  A giant cockroach (D:3)
  7 goblins
  7 hobgoblins
  10 kobolds
  2 quokkas
  6 frilled lizards
  5 rats
49 creatures vanquished.

Notes
Turn   | Place    | Note
-------+----------+-------------------------------------------
     0 | D:1      | Darkkill the Vine Stalker Conjurer began the quest for the
                  | Orb.
     0 | D:1      | Reached XP level 1. HP: 9/9 MP: 4/4
   178 | D:1      | Reached XP level 2. HP: 13/13 MP: 3/6
   559 | D:1      | Reached XP level 3. HP: 16/16 MP: 4/7
  1903 | D:3      | HP: 3/16 [constriction (1)]
  1904 | D:3      | HP: 1/16 [something (3)]
  1905 | D:3      | Mangled by an orc

Illustrated notes

Levels and vault maps discovered:
D:1:      saegor_arrival_simple_d, layout_rooms
D:2:      layout_rooms
D:3:      layout_loops_ring, grunt_ministairs_1, uniq_jessica, uniq_sigmund

Skill      XL: |  1  2  3 |
---------------+----------+-----
Stealth        | 3 |  3.4
Dodging        | 2 |  2.1
Spellcasting   | |  2.8
Conjurations   | |  4.3

Action                   || total
-------------------------++-------
Melee: Unarmed           ||    17
       Bite              ||     7
 Cast: Magic Dart        ||    93
  Use: Scroll            ||     9
       Potion            ||     2
Armor: Robe              ||    11
Dodge: Dodged            ||    25

Table legend: (Time is in decaauts)
 A = Elapsed time spent in this place.
 B = Non-inter-level travel time spent in this place.
 C = Inter-level travel time spent in this place.
 D = Time resting spent in this place.
 E = Time spent auto-exploring this place.
 F = Levels seen in this place.
 G = Mean time per level.
                   A        B        C        D        E       F      G
               +--------+--------+--------+--------+--------+-----+--------+
         Total |   1906 |   1891 |     15 |     34 |   1550 |   3 |  635.3 |
       Dungeon |   1906 |   1891 |     15 |     34 |   1550 |   3 |  635.3 |
               +--------+--------+--------+--------+--------+-----+--------+

Top non-repeatable levels by time:
     D:1: 979 daAuts
     D:2: 898 daAuts
     D:3: 28 daAuts

Table legend:
 A = Kills in this place as a percentage of kills in entire the game.
 B = Kills by you in this place as a percentage of kills by you in the entire game.
 C = Kills by friends in this place as a percentage of kills by friends in the entire game.
 D = Other kills in this place as a percentage of other kills in the entire game.
 E = Experience gained in this place as a percentage of experience gained in the entire game.
 F = Experience gained in this place divided by the number of levels of this place that you have seen.
                   A       B       C       D       E      F
               +-------+-------+-------+-------+-------+----------------------
         Total | 100.0 | 100.0 |   N/A |   N/A | 100.0 |  27.0
       Dungeon | 100.0 | 100.0 |   N/A |   N/A | 100.0 |  27.0
               +-------+-------+-------+-------+-------+----------------------
